 Dungeon Crawl Stone Soup version 0.27-a0-1416-g941b2bd30b (webtiles) character file.

Game seed: 11233409924044250594

81 spiderkeys the Skirmisher (level 4, 0/31 HPs)
             Began as an Octopode Abyssal Knight on July 2, 2021.
             Was a Believer of Lugonu.
             Slain by Sigmund (12 damage)
             ... on level 2 of the Dungeon.
             The game lasted 00:06:51 (3048 turns).

spiderkeys the Skirmisher (Octopode Abyssal Knight) Turns: 3048, Time: 00:06:52

Health: 0/31       AC:  1    Str: 11    XL:     4   Next: 40%
Magic:  0/6        EV: 13    Int: 15    God:    Lugonu [**....]
Gold:   146        SH:  0    Dex: 11    Spells: 2/5 levels left

rFire    . . .     SeeInvis .   k - +0 quarterstaff
rCold    . . .     Faith    .   (shield currently unavailable)
rNeg     . . .     Spirit   .   (helmet restricted)
rPois    .         Reflect  .   (no amulet)
rElec    .         Harm     .   (no ring)
rCorr    .         Rampage  .   (no ring)
Will     .....                  (no ring)
Stlth    ++........             (no ring)
HPRegen  0.10/turn              (no ring)
MPRegen  0.10/turn              (no ring)
                                (no ring)
                                (no ring)

@: very slightly contaminated
A: almost no armour, amphibious, 8 rings, camouflage 1, gelatinous body 1,
(nimble swimmer 1), tentacles
a: Renounce Religion, Depart the Abyss, Bend Space


You were on level 2 of the Dungeon.
You worshipped Lugonu.
Lugonu was pleased with you.
You visited 1 branch of the dungeon, and saw 2 of its levels.
You visited the Abyss 1 time.

You collected 146 gold pieces.


Innate Abilities, Weirdness & Mutations

You cannot wear most types of armour.
You are amphibious.
You can wear up to eight rings at the same time.
Your skin changes colour to match your surroundings (Stealth+).
Your rubbery body absorbs attacks. (AC +1, EV +1)
((You are camouflaged near water. (Stealth+)))
You have tentacles for arms and can constrict up to eight enemies at once.


   Skills:
 - Level 3.1 Fighting
 - Level 2.3(2.4) Polearms
 + Level 0.5(1.5) Staves
 + Level 2.9 Dodging
 + Level 1.1 Spellcasting
 + Level 2.1 Poison Magic
 + Level 2.6 Invocations


You had 2 spell levels left.
You knew the following spells:

 Your Spells              Type           Power      Damage    Failure   Level
p - Poisonous Vapours     Pois/Air       8%         N/A       24%         2
z - Sting                 Tmut/Pois      16%        1d3       16%         1

Your spell library contained the following spells:

 Spells                   Type           Power      Damage    Failure   Level
 Dazzling Flash           Conj/Hex       0%         N/A       58%         3
 Olgreb's Toxic Radiance  Pois           7%         N/A       71%         4
 Iskenderun's Mystic Bla  Conj/Tloc      0%         2d3       94%         4
 Summon Lightning Spire   Summ/Air       0%         N/A       94%         4
 Starburst                Conj/Fire      0%         8x6d3     100%        6
 Storm Form               Tmut/Air       0%         N/A       100%        7
 Maxwell's Capacitive Co  Air            0%         ∞         100%        8

Inventory:

Hand Weapons
 a - a +1 spear
 k - a +0 quarterstaff (weapon)
   (You found it on level 1 of the Dungeon)
Missiles
 b - 12 javelins
 f - 46 stones
 g - 39 bolts
Armour
 c - a +1 kite shield
   (You found it on level 2 of the Abyss)
Scrolls
 i - a scroll of blinking {!r}
Potions
 d - a potion of brilliance {unknown}

Dungeon Overview and Level Annotations

Branches:
Dungeon (2/15)

Altars:

Annotations:
D:2 Sigmund

#........##........
#........##........
#.....)).##........
#........##........
#...............g..
#..................
#..................
#...........@......
#..........@.......
...................
..#######..........
#..........
#..........
###########


You could see Sigmund (very poisoned) and a hobgoblin.


Message History

Lugonu accepts your kill.
A goblin is nearby!
A kobold comes into view.
It is wielding a +0 short sword. 😎 HP[+1]
Your hp is fully restored (31).
The goblin closely misses you.
You miss the goblin. You grab the goblin. You constrict the goblin.
The goblin hits you with a +0 club. 😕 HP[-5]
You take 5 damage, and now have 26/31 hp.
You hit the goblin.
You kill the goblin!
Lugonu accepts your kill. The kobold closely misses you.
You hit the kobold. Your grab misses the kobold.
The kobold hits you with a +0 short sword.
The kobold misses you. 😕 HP[-1]
You take 1 damage, and now have 25/31 hp.
You barely miss the kobold. Your grab misses the kobold.
The kobold barely misses you.
You closely miss the kobold. Your grab misses the kobold.
The kobold barely misses you.
You closely miss the kobold. Your grab misses the kobold.
The kobold hits you but does no damage.
You barely miss the kobold. Your grab misses the kobold.
The kobold hits you with a +0 short sword. 😮 HP[-2]
You take 2 damage, and now have 23/31 hp.
You are too injured to fight recklessly!
You closely miss the kobold. You grab the kobold.
You constrict the kobold, but do no damage.
The kobold closely misses you. x2 😕 HP[+1]
You sock the kobold!
You kill the kobold!
Lugonu accepts your kill.
You see here a +0 short sword.
A giant cockroach comes into view. 😕 HP[+1]
A giant cockroach is nearby!
A giant cockroach is nearby!
A giant cockroach is nearby!
No target in view!
No target in view!
No target in view!
No target in view!
A giant cockroach is nearby!
A giant cockroach is nearby!
A giant cockroach is nearby!
Sigmund the Dreaded comes into view.
He is wielding a +2 vampiric scythe.
Sigmund shouts!
You hit the giant cockroach. You grab the giant cockroach.
You squeeze the giant cockroach.
You kill the giant cockroach!
Lugonu accepts your kill.
Casting: Sting (safe; 16% risk of failure)
Confirm with . or Enter, or press ? or * to list all spells.
You can't see any susceptible monsters within range! (Use Z to cast anyway.)
Casting: Sting (safe; 16% risk of failure)
Confirm with . or Enter, or press ? or * to list all spells.
Aiming: Poisonous Vapours (dangerous; 24% risk of failure)
Press: ? - help, Dir - move target, f - Sigmund
Aim: Sigmund, wielding a +2 vampiric scythe and wearing a +0 robe Poisonous vapours surround Sigmund!
Sigmund is poisoned. 😕 HP[+1] MP[-2]
You lost 2 mp, and now have 3/6 mp.
Casting: Poisonous Vapours (dangerous; 24% risk of failure)
Confirm with . or Enter, or press ? or * to list all spells.
Aiming: Poisonous Vapours (dangerous; 24% risk of failure)
Press: ? - help, Dir - move target, f/p - Sigmund
Aim: Sigmund, wielding a +2 vampiric scythe and wearing a +0 robe (poisoned)
You miscast Poisonous Vapours.
You are very lightly contaminated with residual magic.
Nothing appears to happen.
A hobgoblin comes into view. 😕 MP[-2]
You lost 2 mp, and now have 1/6 mp.
Casting: Poisonous Vapours (dangerous; 24% risk of failure)
Confirm with . or Enter, or press ? or * to list all spells.
You don't have enough magic to cast this spell.
Casting: Poisonous Vapours (dangerous; 24% risk of failure)
Confirm with . or Enter, or press ? or * to list all spells.
Aiming: Sting (safe; 16% risk of failure)
Press: ? - help, Shift-Dir - straight line, f/p - Sigmund
Aim: Sigmund, wielding a +2 vampiric scythe and wearing a +0 robe (lightly wounded, poisoned, 60% to hit)
The sting hits Sigmund.
Sigmund looks even sicker.
The hobgoblin shouts!
Sigmund hits you from afar with a +2 vampiric scythe!
* * * LOW HITPOINT WARNING * * *
Sigmund draws strength from your wounds! 😨 HP[-14] MP[-1]
You take 14 damage, and now have 12/31 hp.
MASSIVE DAMAGE!! (PAUSE)
You lost 1 mp, and now have 0/6 mp.
Sigmund closely misses you.
You closely miss Sigmund. You grab Sigmund.
You constrict Sigmund, but do no damage.
Sigmund hits you with a +2 vampiric scythe!
You die...

Skill      XL: |  1  2  3 |
---------------+----------+-----
Poison Magic   | 1 2 |  2.1
Spellcasting   | 1 |  1.1
Fighting       | |  3.1
Polearms       | |  2.3
Staves         | |  0.5
Dodging        | |  2.9
Invocations    | |  2.6

Action                   |  1- 3 |  4- 6 || total
-------------------------+-------+-------++-------
Melee: Spear             |    74 |       ||    74
       Tentacles         |     9 |     3 ||    12
       Constrict         |    15 |     9 ||    24
       Quarterstaff      |    13 |    38 ||    51
 Cast: Sting             |     6 |     3 ||     9
       Poisonous Vapours |       |     1 ||     1
Invok: Depart the Abyss  |     1 |       ||     1
  Use: Scroll            |     4 |     1 ||     5
       Potion            |     3 |       ||     3
 Stab: Sleeping          |     6 |       ||     6
Armor: Skin              |    17 |     9 ||    26
Dodge: Dodged            |    50 |    29 ||    79

Levels and vault maps discovered:
D:1:      minmay_arrival_stone_box, layout_basic, serial_co_window_serial,
          co_window_paths_b, co_window_paths_b, co_window_paths_a,
          co_window_paths_a, co_window_of_opportunity_a,
          co_window_of_opportunity_a, co_window_corner_a, co_window_broadway_a,
          co_window_2corner, co_window_cross_4, co_window_4corner_b,
          glass_columns_b, glass_columns_a, glass_columns_c,
          chequers_ecumenical_altar_simple_redux,
          chequers_serial_rivers_large_a, ebering_dispersal_statue_hall,
          st_stairs_3
D:2:      layout_basic, uniq_robin, uniq_sigmund

Notes
Turn   | Place    | Note
-------+----------+-------------------------------------------
     0 | Abyss:1  | spiderkeys the Octopode Abyssal Knight began the quest for
                  | the Orb.
     0 | Abyss:1  | Reached XP level 1. HP: 16/16 MP: 2/2
     0 | Abyss:1  | magus.rc [v1.9.10]
   162 | Abyss:1  | Noticed a small abomination
   236 | Abyss:2  | Noticed a flayed ghost
   246 | Abyss:2  | Noticed a water elemental
   289 | Abyss:3  | Found a corrupted altar of Lugonu.
   328 | Abyss:3  | You add the spells Sting, Poisonous Vapours and Olgreb's
                  | Toxic Radiance to your library.
   346 | Abyss:3  | Noticed a small abomination
   348 | D:1      | You pass through the gate.
   348 | D:1      | Escaped the Abyss
   574 | D:1      | Reached XP level 2. HP: 19/21 MP: 3/3
   578 | D:1      | HP: 5/21 [frilled lizard (2)]
   832 | D:1      | Reached * piety under Lugonu
   835 | D:1      | Learned a level 1 spell: Sting
  1100 | D:1      | Reached skill level 1 in Poison Magic
  1103 | D:1      | Reached XP level 3. HP: 18/26 MP: 4/4
  1534 | D:1      | Found a faded altar of an unknown god.
  2016 | D:1      | Learned a level 2 spell: Poisonous Vapours
  2178 | D:2      | Noticed Robin
  2203 | D:2      | HP: 1/26 [Robin (6)]
  2215 | D:2      | HP: 3/39 [Robin (5)]
  2218 | D:2      | Killed Robin
  2219 | D:2      | Reached skill level 1 in Spellcasting
  2219 | D:2      | Reached skill level 2 in Poison Magic
  2219 | D:2      | Reached XP level 4. HP: 4/31 MP: 0/5
  2220 | D:2      | HP: 2/46 [hobgoblin[Robin] (2)]
  2611 | D:2      | You pick up a book of the Sky and begin reading...
  2611 | D:2      | You add the spells Summon Lightning Spire, Storm Form and
                  | Maxwell's Capacitive Coupling to your library.
  2652 | D:2      | Reached ** piety under Lugonu
  2654 | D:2      | HP: 5/31 [goblin (4)]
  2921 | D:2      | You pick up a book of Spectacle and begin reading...
  2921 | D:2      | You add the spells Dazzling Flash, Iskenderun's Mystic
                  | Blast and Starburst to your library.
  3040 | D:2      | Noticed Sigmund
  3048 | D:2      | Slain by Sigmund

Vanquished Creatures
  Robin (D:2)
  2 dart slugs (D:1)
  An orc (D:2)
  7 bats
  4 endoplasms
  4 giant cockroaches
  13 goblins
  7 hobgoblins
  3 jackals (D:1)
  A kobold (D:2)
  7 ball pythons
  A frilled lizard (D:1)
  7 rats
58 creatures vanquished.

Table legend:
 A = Non-vault XP
 B = Vault XP
 C = Vault XP percentage of total XP
 D = Non-vault monster count
 E = Vault monster count
 F = Vault count percentage of total count
                 A         B        C        D         E       F
            +---------+---------+-------+---------+---------+-------
      Total |      80 |      36 |  31.0 |      45 |      13 |  22.4
            +---------+---------+-------+---------+---------+-------
        D:1 |      52 |       3 |   5.5 |      29 |       2 |   6.5
        D:2 |      28 |      33 |  54.1 |      16 |      11 |  40.7
            +---------+---------+-------+---------+---------+-------

Illustrated notes

Table legend:
 A = Kills in this place as a percentage of kills in entire the game.
 B = Kills by you in this place as a percentage of kills by you in the entire game.
 C = Kills by friends in this place as a percentage of kills by friends in the entire game.
 D = Other kills in this place as a percentage of other kills in the entire game.
 E = Experience gained in this place as a percentage of experience gained in the entire game.
 F = Experience gained in this place divided by the number of levels of this place that you have seen.
                   A       B       C       D       E      F
               +-------+-------+-------+-------+-------+----------------------
         Total | 100.0 | 100.0 |   N/A |   N/A | 100.0 |  23.2
       Dungeon | 100.0 | 100.0 |   N/A |   N/A | 100.0 |  58.0
               +-------+-------+-------+-------+-------+----------------------

Table legend: (Time is in decaauts)
 A = Elapsed time spent in this place.
 B = Non-inter-level travel time spent in this place.
 C = Inter-level travel time spent in this place.
 D = Time resting spent in this place.
 E = Time spent auto-exploring this place.
 F = Levels seen in this place.
 G = Mean time per level.
                   A        B        C        D        E       F      G
               +--------+--------+--------+--------+--------+-----+--------+
         Total |   3057 |   2922 |    135 |    466 |   1882 |   5 |  611.4 |
       Dungeon |   2710 |   2575 |    135 |    466 |   1720 |   2 | 1355.0 |
         Abyss |    347 |    347 |      0 |      0 |    162 |   3 |  115.7 |
               +--------+--------+--------+--------+--------+-----+--------+

Top non-repeatable levels by time:
     D:1: 1926 daAuts
     D:2: 784 daAuts
 Abyss:1: 216 daAuts
 Abyss:2: 68 daAuts
 Abyss:3: 62 daAuts
